 Dungeon Crawl Stone Soup version 0.31-a0-188-g5e087ee2ca (webtiles) character file.

Game seed: 5752422424790662593

53 qw the Shooter (level 3, -1/20 HPs)
             Began as a Deep Elf Hunter on June 23, 2023.
             Slain by Terence
             ... wielding a +1 short sword of electrocution
              (6 damage)
             ... on level 2 of the Dungeon.
             The game lasted 00:00:36 (1341 turns).

qw the Shooter (Deep Elf Hunter)                    Turns: 1341, Time: 00:00:37

Health: -1/20      AC:  7    Str: 10    XL:     3   Next: 64%
Magic:  5/5        EV: 11    Int: 13    God:
Gold:   60         SH:  0    Dex: 18    Spells: 2/2 levels left

rFire   . . .        Y - +0 shortbow
rCold   . . .        (shield currently unavailable)
rNeg    . . .        d - +0 ring mail
rPois   .            i - +2 hat
rElec   .            (no cloak)
rCorr   .            (no gloves)
SInv    .            (no boots)
Will    .....        e - amulet of faith
Stlth   +            (no ring)
HPRegen 0.23/turn    (no ring)
MPRegen 0.09/turn

%: faith
@: no status effects
A: no striking features
a: no special abilities


You were on level 2 of the Dungeon.
You visited 1 branch of the dungeon, and saw 3 of its levels.

You collected 60 gold pieces.


   Skills:
 - Level 1.5 Fighting
 + Level 7.1 Ranged Weapons
 - Level 2.4 Dodging
 - Level 1.2 Stealth


You had 2 spell levels left.
You didn't know any spells.
Your spell library was empty.

Inventory:

Hand Weapons
 Y - a +0 shortbow (weapon)
Armour
 d - a +0 ring mail (worn)
 i - a +2 hat (worn)
Jewellery
 e - an amulet of faith (around neck)
Scrolls
 b - a scroll of identify
Potions
 a - a potion of might {unknown}
 c - a potion of attraction {unknown}
 f - a potion of enlightenment {unknown}
 g - a potion of mutation {unknown}
 h - a potion of invisibility {unknown}
 j - a potion of degeneration {unknown}

Dungeon Overview and Level Annotations

Branches:
Dungeon (3/15)

Altars:

Annotations:
D:2 Terence


Message History

Enter note:
Enter note:
Enter note:
Enter note:
Enter note:
Enter note:
Enter note:
Enter note:
Enter note:
Enter note:
Enter note:
Enter note: You shoot an arrow.
The arrow hits Terence.
Terence is heavily wounded.
Terence hits you but does no damage.
You are electrocuted!
Ouch! That really hurt!
You shoot an arrow. The arrow hits Terence.
Terence is almost dead.
Terence bares his teeth.
Terence hits you but does no damage.
You shoot an arrow. The arrow closely misses Terence.
Terence hits you but does no damage. Terence closely misses you.
You shoot an arrow. The arrow hits Terence.
Terence is almost dead.
Terence barely misses you.
You shoot an arrow.
The arrow hits Terence but does no damage.
Terence is almost dead.
Terence barely misses you.
You shoot an arrow. The arrow barely misses Terence.
Terence hits you with a +1 short sword of electrocution.
You shoot an arrow.
The arrow hits Terence but does no damage.
Terence is almost dead.
Terence hits you but does no damage.
You shoot an arrow.
The arrow hits Terence but does no damage.
Terence is almost dead.
Terence hits you with a +1 short sword of electrocution.
You die...

#.#..'....#
#.####....# #.#
#....# #.# #...##
#.# #...#
###.####...#######
#......'...+......
#.#.####...#######
#@........###.....
#@...###..###.....
#....+.#..........
#....#.##.#####...
#....#.##.#######.
#......##.........
##...############.
#.^.# #.... #...#
#....


You could see Terence.

Vanquished Creatures
  An adder (D:2)
  A dart slug (D:2)
  2 endoplasms (D:2)
  2 giant cockroaches
  5 goblins (D:1)
  5 hobgoblins
  6 ball pythons
  6 bats
  5 frilled lizards
  5 kobolds
  2 rats
40 creatures vanquished.

Notes
Turn   | Place    | Note
-------+----------+-------------------------------------------
     0 | D:1      | qw the Deep Elf Hunter began the quest for the Orb.
     0 | D:1      | Reached XP level 1. HP: 12/12 MP: 3/3
     0 | D:1      | 0 ||| qw: Version: 0.3-a-9-g12657ce
     0 | D:1      | 0 ||| qw: Game counter: 3799
     0 | D:1      | 0 ||| qw: Always use a shield: true
     0 | D:1      | 0 ||| qw: God list: Okawaru
     0 | D:1      | 0 ||| qw: Allow faded altars: false
     0 | D:1      | 0 ||| qw: Do Orc after D:15 true
     0 | D:1      | 0 ||| qw: Do second Lair branch before Depths: true
     0 | D:1      | 0 ||| qw: Lair rune preference: random
     0 | D:1      | 0 ||| qw: Plans: Normal
     0 | D:1      | 0 ||| PLANNING D:1-11
   118 | D:1      | Reached XP level 2. HP: 16/16 MP: 4/4
   120 | D:1      | Reached skill level 6 in Ranged Weapons
   447 | D:1      | 447 ||| UPGRADING to +0 ring mail.
   457 | D:1      | 457 ||| DROPPING +0 leather armour.
   458 | D:1      | 458 ||| READING 2 scrolls labelled SUWACWO XEDUEPP.
   559 | D:1      | 559 ||| READING scroll labelled NELARH MYVOMN.
   560 | D:1      | 560 ||| READING scroll labelled MOLEURU UMPU.
   561 | D:1      | 561 ||| READING scroll labelled GESARH YSTRAS.
   562 | D:1      | 562 ||| DROPPING scroll of silence.
   563 | D:1      | 563 ||| DROPPING scroll of butterflies.
   683 | D:2      | Reached XP level 3. HP: 20/20 MP: 5/5
   826 | D:2      | Reached skill level 7 in Ranged Weapons
   899 | D:2      | 899 ||| READING scroll labelled FIL SOZEEMN.
  1063 | D:2      | 1063 ||| UPGRADING to +2 hat.
  1068 | D:2      | 1068 ||| UPGRADING to amulet of faith.
  1078 | D:2      | 1078 ||| STAIRDANCE
  1082 | D:2      | 1082 ||| STAIRDANCE
  1086 | D:2      | 1086 ||| STAIRDANCE
  1090 | D:2      | 1090 ||| STAIRDANCE
  1094 | D:2      | 1094 ||| STAIRDANCE
  1098 | D:2      | 1098 ||| STAIRDANCE
  1102 | D:2      | 1102 ||| STAIRDANCE
  1106 | D:2      | 1106 ||| STAIRDANCE
  1110 | D:2      | 1110 ||| STAIRDANCE
  1114 | D:2      | 1114 ||| STAIRDANCE
  1118 | D:2      | 1118 ||| STAIRDANCE
  1122 | D:2      | 1122 ||| STAIRDANCE
  1126 | D:2      | 1126 ||| STAIRDANCE
  1130 | D:2      | 1130 ||| STAIRDANCE
  1134 | D:2      | 1134 ||| STAIRDANCE
  1138 | D:2      | 1138 ||| STAIRDANCE
  1142 | D:2      | 1142 ||| STAIRDANCE
  1146 | D:2      | 1146 ||| STAIRDANCE
  1150 | D:2      | 1150 ||| STAIRDANCE
  1154 | D:2      | 1154 ||| STAIRDANCE
  1239 | D:1      | 1239 ||| Stepping randomly (stuck).
  1324 | D:3      | Noticed Terence
  1332 | D:3      | 1332 ||| STAIRDANCE
  1339 | D:2      | HP: 4/20 [Terence/+1 short sword of electrocution (4)]
  1341 | D:2      | Slain by Terence

Levels and vault maps discovered:
D:1:      elethiomel_arrival_shortcut, layout_rooms, minmay_cut_off
D:2:      layout_basic, chequers_serial_rivers_large_a, minmay_pentomino_o4
D:3:      layout_basic, nzn_wu_jian_contemplation, uniq_terence, uniq_natasha,
          uniq_crazy_yiuf_cottage

Skill      XL: |  1  2  3 |
---------------+----------+-----
Ranged Weapons | 6 7 |  7.1
Fighting       | |  1.5
Dodging        | |  2.4
Stealth        | |  1.2

Action                     || total
---------------------------++-------
   Fire: Shortbow          ||    91
    Use: Scroll            ||     5
 Armour: Ring mail         ||    11
  Dodge: Dodged            ||    10

Table legend:
 A = Non-vault XP
 B = Vault XP
 C = Vault XP percentage of total XP
 D = Non-vault monster count
 E = Vault monster count
 F = Vault count percentage of total count
                 A         B        C        D         E       F
            +---------+---------+-------+---------+---------+-------
      Total |      67 |      10 |  13.0 |      34 |       6 |  15.0
            +---------+---------+-------+---------+---------+-------
        D:1 |      29 |       7 |  19.4 |      19 |       4 |  17.4
        D:2 |      38 |       3 |   7.3 |      15 |       2 |  11.8
            +---------+---------+-------+---------+---------+-------
